 Dungeon Crawl Stone Soup version 0.22.1-2-g9c5b331 (webtiles) character file.

1185 dvd the Sneak (level 8, -1/51 HPs)
             Began as an Octopode Conjurer on Dec 2, 2018.
             Killed by divine providence
             ... invoked by an orc priest
              (12 damage)
             ... on level 5 of the Dungeon.
             The game lasted 00:17:46 (6014 turns).

dvd the Sneak (Octopode Conjurer)                   Turns: 6014, Time: 00:17:47

Health: -1/51      AC:  1    Str:  8    XL:     8   Next: 42%
Magic:  1/15       EV: 14    Int: 23    God:
Gold:   286        SH:  4    Dex: 10    Spells: 1/15 levels left

rFire    . . .     SeeInvis .   m - +2 dagger (venom)
rCold    . . .     Gourm    .   (no shield)
rNeg     + . .     Faith    .   (helmet restricted)
rPois    .         Spirit   .   (no amulet)
rElec    .         Reflect  .   n - +4 ring of intelligence
rCorr    .         Harm     .   q - ring of stealth
MR       .....                  y - ring of positive energy
Stlth    +++++.....             (no ring)
HPRegen  0.17/turn              (no ring)
MPRegen  0.14/turn              (no ring)
                                (no ring)
                                (no ring)

@: lethally poisoned (-1 -> -2), very slightly contaminated, hasted, very quick
A: almost no armour, stealthy swim, amphibious, 8 rings, constrict 8, large bone
plates 1, camouflage 1, blink, clumsy 1, high mp 1, gelatinous body 1
a: Blink


You were on level 5 of the Dungeon.
You were not hungry.

You visited 2 branches of the dungeon, and saw 6 of its levels.
You also visited: Sewer.

You collected 286 gold pieces.

Inventory:

Hand Weapons
 c - a +1 dagger of holy wrath
 m - a +2 dagger of venom (weapon)
 v - a +2 quarterstaff of chaos
Armour
 d - a +0 shield
Jewellery
 n - a +4 ring of intelligence (left tentacle)
 q - a ring of stealth (right tentacle)
 y - a ring of positive energy (on tentacle)
Scrolls
 a - 2 scrolls of enchant weapon {unknown}
 e - a scroll of noise {unknown}
 g - 13 scrolls of teleportation
 h - 3 scrolls of remove curse {unknown}
 i - 6 scrolls of identify {unknown}
 o - 2 scrolls of blinking {unknown}
 r - 2 scrolls of fear {unknown}
 t - a scroll of immolation {unknown}
Potions
 f - a potion of mutation
 j - 2 potions of haste
 k - a potion of berserk rage {unknown}
 l - 2 potions of lignification {unknown}
 p - 4 potions of flight
 s - a potion of brilliance {unknown}
 u - a potion of curing {unknown}
 x - 2 potions of invisibility {unknown}
 z - a potion of magic {unknown}
Comestibles
 b - 13 rations
 w - 4 chunks of flesh


   Skills:
 + Level 2.6 Fighting
 + Level 2.5 Short Blades
 + Level 3.9 Dodging
 + Level 6.6 Stealth
 * Level 2.9 Shields
 + Level 0.5 Unarmed Combat
 + Level 4.1 Spellcasting
 + Level 5.9 Conjurations


You had one spell level left.
You knew the following spells:

 Your Spells              Type           Power        Failure   Level  Hunger
a - Magic Dart            Conj           ####         1%          1    None
b - Searing Ray           Conj           ####..       1%          2    #......
c - Dazzling Spray        Conj/Hex       ###...       9%          3    ##.....
d - Iskenderun's Mystic   Conj           ####....     9%          4    ####...
e - Force Lance           Conj/Tloc      ###.....     30%         4    ####...

Your spell library contained the following spells:

 Spells                   Type           Power        Failure   Level  Hunger
 Fulminant Prism          Conj/Hex       ###.......   30%         4    ####...


Dungeon Overview and Level Annotations

Branches:
Dungeon (5/15)             Temple (1/1) D:5

Altars:
Ashenzari
Cheibriados
Dithmenos
Elyvilon
Fedhas
Gozag
Hepliaklqana
Kikubaaqudgha
Nemelex Xobeh
Okawaru
Qazlal
Ru
Trog
Uskayaw
Xom
Zin

Shops:
D:4 %


Innate Abilities, Weirdness & Mutations

You cannot wear most types of armour.
You are very stealthy in the water. (Stealth+)
You are amphibious.
You can wear up to eight rings at the same time.
You can use your tentacles to constrict eight enemies at once.
Your skin changes colour to match your surroundings (Stealth+).
Your rubbery body absorbs attacks. (AC +1, EV +1)
You are partially covered in large bone plates. (SH +4)
You can translocate small distances at will.
You are clumsy. (Dex -2)
You have an increased reservoir of magic. (+10% MP)


Message History

You feel sick.
It was a potion of haste.
You feel yourself speed up. The crimson imp closely misses you.
Unknown command.
It was a potion of mutation.
You feel extremely strange.
You feel clumsy.
Large bone plates grow over parts of your tentacles.
You feel more energetic.
You feel jittery. The crimson imp hits you.
* * * LOW HITPOINT WARNING * * *
Unknown command.
Unknown command.
The crimson imp blinks!
You feel sick.
The orc wizard casts a spell.
The orc wizard blinks!
The crimson imp blinks!
The orc priest invokes the aid of Beogh against you.
Beogh smites you!
You die...

#.# #.#. ###########.# #.#.
###### #...........# #.#. ......
#...........# #.#. ......
#...........# #.#.
......########...........# #.#.
......§.oo§.....5.....>..# #...
.)?...#######............########
...... #...@................
...... #.###......#######.##
...?.. #####+###.###..# #..#
...... #.[....##.# #### #..#
...... #......##.# #..# ######
#......'..# #..# #......##.# #..#
###### #......##.# ###.(# .....#
#).....##.# ###....#


You could see an orc priest and a crimson imp.

Vanquished Creatures
  Eustachio (D:5)
  A phantom (D:4)
  2 centaurs (D:5)
  2 howler monkeys (D:4)
  A centaur zombie (D:5)
  A hound (D:4)
  3 orc wizards
  Crazy Yiuf (D:3)
  2 iguanas (D:4)
  3 worker ants
  2 merfolk sirens (Sewer)
  A merfolk avatar (Sewer)
  4 gnolls (D:4)
  11 adders
  4 river rats (Sewer)
  3 oozes
  5 worms
  2 dart slugs (D:2)
  9 leopard geckos
  16 orcs
  3 bats
  10 giant cockroaches
  7 goblins
  10 hobgoblins
  11 jackals
  14 kobolds
  4 quokkas (D:2)
  5 ball pythons
  7 frilled lizards
  26 rats
171 creatures vanquished.

Notes
Turn   | Place    | Note
-------+----------+-------------------------------------------
     0 | D:1      | dvd the Octopode Conjurer began the quest for the Orb.
     0 | D:1      | Reached XP level 1. HP: 11/11 MP: 3/3
   205 | D:1      | Reached XP level 2. HP: 17/17 MP: 3/5
   209 | D:1      | Learned a level 2 spell: Searing Ray
   630 | D:1      | Reached XP level 3. HP: 17/21 MP: 0/6
   990 | D:1      | Learned a level 3 spell: Dazzling Spray
  1322 | D:2      | Reached skill level 5 in Conjurations
  1322 | D:2      | Reached XP level 4. HP: 15/27 MP: 3/7
  1887 | D:2      | Found a snail-covered altar of Cheibriados.
  1887 | D:2      | Found a stormy altar of Qazlal.
  2370 | D:3      | Reached skill level 3 in Stealth
  2370 | D:3      | Reached XP level 5. HP: 20/31 MP: 1/9
  2448 | D:3      | Found a glowing drain.
  2568 | Sewer    | Entered a sewer
  2788 | Sewer    | Reached skill level 1 in Short Blades
  2805 | Sewer    | Reached XP level 6. HP: 37/37 MP: 3/10
  2807 | Sewer    | Reached skill level 1 in Fighting
  2920 | Sewer    | Learned a level 4 spell: Iskenderun's Mystic Blast
  3062 | Sewer    | Reached skill level 4 in Stealth
  3090 | Sewer    | HP: 1/38 [poisoned by an adder]
  3854 | D:3      | Found a runed door.
  3858 | D:3      | Noticed Crazy Yiuf
  3862 | D:3      | Killed Crazy Yiuf
  3965 | D:4      | Noticed a phantom
  4197 | D:4      | Killed a phantom
  4197 | D:4      | Reached XP level 7. HP: 26/43 MP: 0/12
  4334 | D:4      | Reached skill level 5 in Stealth
  4334 | D:4      | Reached skill level 1 in Shields
  5026 | D:4      | Found Lazesi's Food Emporium.
  5182 | D:5      | Entered Level 5 of the Dungeon
  5559 | D:5      | Found a staircase to the Ecumenical Temple.
  5570 | Temple   | Entered the Ecumenical Temple
  5658 | D:5      | Reached skill level 6 in Stealth
  5658 | D:5      | Reached XP level 8. HP: 50/50 MP: 13/13
  5795 | D:5      | Learned a level 4 spell: Force Lance
  5982 | D:5      | Noticed Eustachio
  5997 | D:5      | Killed Eustachio
  6006 | D:5      | Gained mutation: You are clumsy. (Dex -2) [potion of
                  | mutation]
  6006 | D:5      | Gained mutation: You are partially covered in large bone
                  | plates. (SH +4) [potion of mutation]
  6006 | D:5      | Gained mutation: You have an increased reservoir of magic.
                  | (+10% MP) [potion of mutation]
  6006 | D:5      | Gained mutation: You can translocate small distances at
                  | will. [potion of mutation]
  6014 | D:5      | Killed from afar by an orc priest

Skill      XL: |  1  2  3  4  5  6  7  8 |
---------------+-------------------------+-----
Conjurations   | 5 |  5.9
Stealth        | 3 4 6 |  6.6
Spellcasting   | 3 4 |  4.1
Short Blades   | 1 2 |  2.5
Fighting       | 1 2 |  2.6
Dodging        | 3 |  3.9
Shields        | 2 |  2.9
Unarmed Combat | |  0.5

Action                   |  1- 3 |  4- 6 |  7- 9 || total
-------------------------+-------+-------+-------++-------
Melee: Unarmed           |    36 |       |       ||    36
       Tentacles         |    16 |     9 |     7 ||    32
       Constrict         |    11 |    22 |     8 ||    41
       Dagger            |    14 |    96 |    49 ||   159
 Cast: Magic Dart        |    35 |    66 |    17 ||   118
       Searing Ray       |     6 |    17 |    12 ||    35
       Dazzling Spray    |       |     6 |     2 ||     8
       Iskenderun's Myst |       |       |     4 ||     4
  Use: Potion            |       |       |     2 ||     2
 Stab: Sleeping          |       |    14 |     7 ||    21
  Eat: Chunk             |     2 |    10 |     4 ||    16
       Ration            |       |       |     1 ||     1
Armor: Skin              |     5 |    10 |     3 ||    18
Dodge: Dodged            |    35 |    76 |    35 ||   146
